 Dungeon Crawl Stone Soup version 0.31-a0-1025-g2e47921a08 (webtiles) character file.

Game seed: 17621523571897102339

156 Maratek the Trooper (level 5, -3/42 HPs)
             Began as a Demonspawn Fighter on Nov 17, 2023.
             Slain by a gnoll
             ... wielding a +0 halberd
              (5 damage)
             ... on level 2 of the Dungeon.
             The game lasted 00:02:07 (1569 turns).

Maratek the Trooper (Demonspawn Fighter)            Turns: 1569, Time: 00:02:07

Health: -3/42      AC: 13    Str: 18    XL:     5   Next: 14%
Magic:  5/5        EV:  5    Int: 10    God:
Gold:   100        SH:  9    Dex: 12    Spells: 4/4 levels left

rFire   + . .        a - +0 trident
rCold   . . .        e - +1 buckler {rF+}
rNeg    . . .        f - +0 plate armour
rPois   .            g - +1 hat
rElec   .            (no cloak)
rCorr   .            (no gloves)
SInv    .            h - +0 pair of boots
Will    .....        (no amulet) Stlth
                     (no ring)
HPRegen 0.27/turn    (no ring)
MPRegen 0.09/turn

%: no passive effects
@: mighty, hasted, very quick
A: foul stench 2, condensation shield
a: no special abilities


You were on level 2 of the Dungeon.
You visited 1 branch of the dungeon, and saw 2 of its levels.

You collected 100 gold pieces.

Inventory:

Hand Weapons
 a - a +0 trident (weapon)
Armour
 e - a +1 buckler of fire resistance (worn)
 f - a +0 plate armour (worn)
 g - a +1 hat (worn)
 h - a +0 pair of boots (worn)


   Skills:
 + Level 3.7 Fighting
 + Level 3.5 Polearms
 + Level 3.5 Armour
 + Level 0.1 Stealth
 + Level 3.0 Shields


You had 4 spell levels left.
You didn't know any spells.
Your spell library contained the following spells:

 Spells                   Type           Power      Damage    Failure   Level
 Lesser Beckoning         Tloc           0%         N/A       100%        2
 Gell's Gravitas          Tloc           0%         N/A       100%        3
 Teleport Other           Tloc           0%         N/A       100%        3


Dungeon Overview and Level Annotations

Branches:
Dungeon (2/15)

Altars:


Innate Abilities, Weirdness & Mutations

You sometimes emit foul miasma when damaged in melee.
A meltable shield of frost defends you. (SH +4)


Message History

You miss the adder.
The adder is lightly wounded.
The adder barely misses you. You block the gnoll's attack.
The adder barely misses you.
You hit the adder.
The adder is moderately wounded.
You block the gnoll's attack. The adder bites you but does no damage.
You closely miss the adder.
The adder is moderately wounded.
The adder barely misses you.
The gnoll hits you from afar with a +0 halberd!
* * * LOW HITPOINT WARNING * * *
The adder bites you but does no damage.
You barely miss the adder.
The adder is moderately wounded.
The gnoll hits you but does no damage. The adder barely misses you.
The gnoll hits you but does no damage.
You closely miss the adder.
The adder is moderately wounded.
The adder bites you but does no damage. You block the gnoll's attack.
The adder bites you.
* * * LOW HITPOINT WARNING * * *
You are poisoned.
The adder poisons you!
You feel yourself speed up.
You feel sick. The adder bites you but does no damage.
The gnoll hits you but does no damage.
You feel very mighty all of a sudden.
You feel sick. The adder bites you but does no damage.
You puncture the adder!
You kill the adder!
You feel sick. You block the gnoll's attack.
You feel sick.
You are no longer poisoned.
The gnoll hits you with a +0 halberd.
* * * LOW HITPOINT WARNING * * *
You see here an adder corpse.
You puncture the gnoll!
The gnoll is severely wounded.
The gnoll hits you with a +0 halberd.
You die...

....... ###.#.### .....
#.......# ... #.#>###.##
#####)## #.#......#
#...).J# #.#####..#
#####.###..# #.# #..#
#.......#..# #)#####†.#
#..........####........#
###<.........Jg@.........#
.............#############
###.......#..#
#..........# #.......####
#########


You could see a gnoll and an endoplasm.

Vanquished Creatures
  A phantom (D:2)
  An adder (D:2)
  2 gnolls (D:2)
  A worm (D:2)
  A dart slug (D:1)
  5 ball pythons
  4 endoplasms
  2 giant cockroaches
  6 goblins
  2 hobgoblins (D:1)
  3 jackals (D:1)
  3 quokkas
  2 bats (D:2)
  6 kobolds
  2 rats
41 creatures vanquished.

Notes
Turn   | Place    | Note
-------+----------+-------------------------------------------
     0 | D:1      | Maratek the Demonspawn Fighter began the quest for the Orb.
     0 | D:1      | Reached XP level 1. HP: 18/18 MP: 1/1
     1 | D:1      | Noticed an electric eel
    92 | D:1      | Gained mutation: You may rarely emit foul miasma when
                  | damaged in melee. [demonic ancestry]
    92 | D:1      | Reached XP level 2. HP: 24/24 MP: 2/2
   687 | D:1      | Found a faded altar of an unknown god.
   978 | D:2      | Gained mutation: You sometimes emit foul miasma when
                  | damaged in melee. [demonic ancestry]
   978 | D:2      | Reached XP level 3. HP: 25/29 MP: 3/3
  1280 | D:2      | Noticed a phantom
  1294 | D:2      | Killed a phantom
  1295 | D:2      | Reached XP level 4. HP: 19/37 MP: 4/4
  1551 | D:2      | Gained mutation: A meltable shield of frost defends you.
                  | (SH +4) [demonic ancestry]
  1551 | D:2      | Reached XP level 5. HP: 14/42 MP: 5/5
  1568 | D:2      | HP: 2/42 [gnoll/+0 halberd (2)]
  1569 | D:2      | Slain by a gnoll

Illustrated notes

Levels and vault maps discovered:
D:1:      arrival_aquarium_a, layout_loops_cross,
          shapermc_ecumenical_altar_ellora
D:2:      layout_loops_corners, minmay_pentomino_s4

Skill      XL: |  1  2  3 |
---------------+----------+-----
Polearms       | 2 3 |  3.5
Armour         | 3 |  3.5
Shields        | 3 |  3.0
Fighting       | |  3.7
Stealth        | |  0.1

Action                     |  1- 3 |  4- 6 || total
---------------------------+-------+-------++-------
  Melee: Trident           |   145 |    36 ||   181
    Use: Scroll            |     2 |     1 ||     3
         Potion            |       |     2 ||     2
 Armour: Scale mail        |     5 |       ||     5
         Plate armour      |   112 |    29 ||   141
  Dodge: Dodged            |    27 |     8 ||    35
  Block: Buckler           |    31 |    15 ||    46

Table legend: (Time is in decaauts)
 A = Elapsed time spent in this place.
 B = Non-inter-level travel time spent in this place.
 C = Inter-level travel time spent in this place.
 D = Time resting spent in this place.
 E = Time spent auto-exploring this place.
 F = Levels seen in this place.
 G = Mean time per level.
                   A        B        C        D        E       F      G
               +--------+--------+--------+--------+--------+-----+--------+
         Total |   1607 |   1484 |    123 |      0 |   1120 |   2 |  803.5 |
       Dungeon |   1607 |   1484 |    123 |      0 |   1120 |   2 |  803.5 |
               +--------+--------+--------+--------+--------+-----+--------+

Top non-repeatable levels by time:
     D:1: 989 daAuts
     D:2: 618 daAuts
